 Dungeon Crawl Stone Soup version 0.31-a0-1570-g93c622d (webtiles) character file.

Game seed: 277253059405428150

494 Superstore the Cutter (level 7, -1/36 HPs)
             Began as a Vine Stalker Fighter on Jan 3, 2024.
             Was a Priest of Elyvilon.
             Slain by an ogre
             ... wielding a +0 giant club
              (16 damage)
             ... on level 3 of the Dungeon.
             The game lasted 00:07:57 (3213 turns).

Superstore the Cutter (Vine Stalker Fighter)        Turns: 3213, Time: 00:07:57

Health: -1/36      AC: 12    Str: 17 (19) XL:     7   Next: 15%
Magic:  0/10       EV:  7    Int:  5 (8)  God:    Elyvilon [***...]
Gold:   39         SH:  4    Dex: 12 (15) Spells: 6/6 levels left

rFire   . . .        f - +0 dagger (flame)
rCold   . . .        c - +0 buckler
rNeg    . . .        i - +0 chain mail
rPois   .            (no helmet)
rElec   .            (no cloak)
rCorr   .            (no gloves)
SInv    .            g - +2 pair of boots
Will    .....        (no amulet) Stlth
                     (no ring)
HPRegen 1.06/turn    (no ring)
MPRegen 0.12/turn

%: guardian spirit
@: no status effects
A: fangs 2, regeneration 1, magic shield, antimagic bite, no potion heal 2
a: Renounce Religion, Purification, Heal Other, Heal Self


You were on level 3 of the Dungeon.
You worshipped Elyvilon.
Elyvilon was most pleased with you.
You visited 1 branch of the dungeon, and saw 4 of its levels.

You collected 165 gold pieces.
You spent 126 gold pieces at shops.

Inventory:

Hand Weapons
 a - a +0 rapier
 f - a +0 dagger of flaming (weapon)
Armour
 c - a +0 buckler (worn)
 g - a +2 pair of boots (worn)
 i - a +0 chain mail (worn)
Wands
 b - a wand of flame (18)
Scrolls
 e - 4 scrolls of identify
 h - a scroll of fog
 j - a scroll of blinking
 k - a scroll of teleportation
Potions
 d - a potion of might


   Skills:
 + Level 3.2 Fighting
 * Level 3.9 Short Blades
 + Level 3.6 Armour
 + Level 0.2 Dodging
 + Level 0.1 Stealth
 + Level 3.2 Shields
 * Level 2.4 Unarmed Combat
 * Level 2.8 Invocations


You had 6 spell levels left.
You didn't know any spells.
Your spell library contained the following spells:

 Spells                   Type           Power      Damage    Failure   Level
 Foxfire                  Conj/Fire      0%         2x1d4     100%        1
 Freeze                   Ice            0%         1d3       100%        1
 Magic Dart               Conj           0%         1d3       100%        1
 Ensorcelled Hibernation  Hex/Ice        0%         N/A       100%        2
 Searing Ray              Conj           0%         2d4       100%        2
 Frozen Ramparts          Ice            0%         1d1       100%        3
 Fugue of the Fallen      Necr           0%         N/A       100%        3
 Hailstorm                Conj/Ice       0%         3d5       100%        3
 Anguish                  Hex/Necr       0%         N/A       100%        4
 Fulminant Prism          Conj/Alch      0%         3d5       100%        4
 Plasma Beam              Fire/Air       0%         2x1d10    100%        6
 Starburst                Conj/Fire      0%         6d3       100%        6


Dungeon Overview and Level Annotations

Branches:
Dungeon (4/15)
 Temple: D:4-7

Altars:
Elyvilon

Shops:
D:4 ?

Annotations:
D:4 Menkaure


Innate Abilities, Weirdness & Mutations

You have extremely sharp teeth.
Your natural rate of healing is unusually fast.
When hurt, damage is shared between your health and your magic reserves.
Your bite disrupts and absorbs the magic of your enemies.
Potions cannot restore your health.


Message History

You kill the hound!
No target in view!
No target in view!
Magic restored.
You see here a hound corpse.
Found a sling.
You see here a +0 sling.
Menkaure shouts!
Menkaure gestures wildly while chanting.
Menkaure seems to speed up.
No target in view!
Menkaure hits you. Menkaure casts a spell at you.
Pain shoots through your body!
Menkaure calls on the powers of darkness!
Your body is wracked with pain!
The ogre convulses!
There is a stone staircase leading up here.
You climb upwards.
There is a stone staircase leading down here.
Unknown command.
HP restored.
Magic restored.
Done exploring.
You climb downwards.
Level annotation: Menkaure The ogre hits you with a +0 giant club!!
There is a stone staircase leading up, spattered with blood here.
The ogre hits you with a +0 giant club!!
* * * LOW HITPOINT WARNING * * *
You climb upwards.
There is a stone staircase leading down here.
You are too injured to fight recklessly!
You are healed.
The ogre hits you with a +0 giant club!
You barely miss the ogre. You bite the ogre. You drain its power.
You feel invigorated.
The ogre is moderately wounded.
You hit the ogre. You burn the ogre.
The ogre is heavily wounded.
The ogre hits you with a +0 giant club!!
You die...

##########...###.#.#.##
............(....#...#
############..####..##
#..####..## #..##.(...#
############..##...#.#
.).................#.#
###############.O#.#.#
................@÷.#.#
#######
####################.#
#...... #.#### #.#####
#.#..# #.#
#.#..###.#####
#.#....).†....
#.##.###.##### #....#
#.# ###### #.#


You could see an ogre.

Vanquished Creatures
  A yak (D:4)
  A water moccasin (D:3)
  2 hounds (D:4)
  3 orc priests (D:3)
  An adder (D:3)
  2 dart slugs (D:1)
  A ribbon worm (D:2)
  14 orcs
  7 ball pythons
  6 bats
  5 endoplasms
  3 giant cockroaches
  5 goblins
  7 hobgoblins
  7 kobolds
  A quokka (D:2)
  3 frilled lizards
  8 rats
77 creatures vanquished.

Notes
Turn   | Place    | Note
-------+----------+-------------------------------------------
     0 | D:1      | Superstore the Vine Stalker Fighter began the quest for the
                  | Orb.
     0 | D:1      | Reached XP level 1. HP: 11/11 MP: 2/2
    77 | D:1      | Found a faded altar of an unknown god.
    88 | D:1      | Prayed at the altar of an unknown god.
    88 | D:1      | Became a worshipper of Elyvilon the Healer
    88 | D:1      | Reached * piety under Elyvilon
   345 | D:1      | Reached XP level 2. HP: 16/16 MP: 3/3
   474 | D:1      | Reached ** piety under Elyvilon
   545 | D:1      | Reached XP level 3. HP: 19/19 MP: 4/4
  1037 | D:2      | Identified the +2 sling of Erphe {heavy, rPois SInv}
  1081 | D:2      | Reached skill level 1 in Invocations
  1384 | D:2      | You fall into a shaft and drop 1 floor!
  1605 | D:2      | Identified the +2 hand axe "Yhaako" {elec, rC+ rN+ Int-2
                  | Dex+3}
  1709 | D:2      | Reached *** piety under Elyvilon
  1762 | D:2      | Reached skill level 1 in Unarmed Combat
  2150 | D:3      | Reached XP level 4. HP: 16/23 MP: 1/5
  2285 | D:3      | Reached XP level 5. HP: 28/28 MP: 7/7
  2723 | D:4      | Noticed Menkaure
  2723 | D:4      | Noticed an ogre
  2770 | D:4      | Noticed a water moccasin
  2798 | D:3      | HP: 1/28 [poisoned by a water moccasin]
  2801 | D:3      | Killed a water moccasin
  2801 | D:3      | Elyvilon protects you from harm!
  2802 | D:3      | Reached XP level 6. HP: 2/32 MP: 6/8
  2803 | D:3      | Elyvilon protects you from harm!
  2971 | D:4      | Noticed a yak
  3016 | D:4      | Killed a yak
  3017 | D:4      | Reached XP level 7. HP: 19/36 MP: 9/9
  3052 | D:4      | Found The Oracle's Delphic Readings.
  3062 | D:4      | Bought a scroll of blinking for 90 gold pieces
  3062 | D:4      | Bought a scroll of teleportation for 36 gold pieces
  3213 | D:3      | Slain by an ogre

Illustrated notes

Levels and vault maps discovered:
D:1:      dpeg_arrival_stone_temple_mockup, layout_basic,
          shapermc_ecumenical_altar_mp_highgroup
D:2:      layout_basic
D:3:      layout_basic
D:4:      layout_rooms, serial_shops, nicolae_shop_rolling_square,
          nicolae_nh_oracle_at_delphi, uniq_menkaure

Skill      XL: |  1  2  3  4  5 |
---------------+----------------+-----
Short Blades   | 2 3 |  3.9
Invocations    | 1 2 |  2.8
Unarmed Combat | 1 2 |  2.4
Fighting       | 3 |  3.2
Shields        | 3 |  3.2
Armour         | 3 |  3.6
Dodging        | |  0.2
Stealth        | |  0.1

Action                     |  1- 3 |  4- 6 |  7- 9 || total
---------------------------+-------+-------+-------++-------
  Melee: Rapier            |    36 |       |       ||    36
         Bite              |    31 |    46 |     5 ||    82
         Dagger            |    89 |   146 |    26 ||   261
 Invoke: Heal Self         |       |     1 |     1 ||     2
         Purification      |       |     1 |       ||     1
    Use: Scroll            |     7 |     1 |       ||     8
         Potion            |     2 |     1 |     1 ||     4
 Armour: Scale mail        |    55 |    13 |       ||    68
         Chain mail        |       |    67 |    17 ||    84
  Dodge: Dodged            |    47 |    29 |    15 ||    91
  Block: Buckler           |    27 |    27 |     6 ||    60

Table legend: (Time is in decaauts)
 A = Elapsed time spent in this place.
 B = Non-inter-level travel time spent in this place.
 C = Inter-level travel time spent in this place.
 D = Time resting spent in this place.
 E = Time spent auto-exploring this place.
 F = Levels seen in this place.
 G = Mean time per level.
                   A        B        C        D        E       F      G
               +--------+--------+--------+--------+--------+-----+--------+
         Total |   3176 |   3025 |    151 |    100 |   2310 |   4 |  794.0 |
       Dungeon |   3176 |   3025 |    151 |    100 |   2310 |   4 |  794.0 |
               +--------+--------+--------+--------+--------+-----+--------+

Top non-repeatable levels by time:
     D:2: 1078 daAuts
     D:1: 966 daAuts
     D:3: 821 daAuts
     D:4: 311 daAuts
